 Dungeon Crawl Stone Soup version 0.29.1-1-gd02db6906a (webtiles) character file.

Game seed: 13301167420921720355

228 RogueRain17 the Distorting Demonspawn (level 5, -1/41 HPs)
             Began as a Demonspawn Abyssal Knight on Oct 11, 2022.
             Was a Believer of Lugonu.
             Slain by a scorpion (4 damage)
             ... on level 4 of the Dungeon.
             The game lasted 00:11:39 (4795 turns).

RogueRain17 the Distorting Demonspawn (DsAK)        Turns: 4795, Time: 00:11:39

Health: -1/41      AC:  4    Str: 15    XL:     5   Next: 70%
Magic:  8/8        EV: 11    Int: 13    God:    Lugonu [**....]
Gold:   104        SH:  0    Dex: 14    Spells: 4/4 levels left

rFire   . . .      SeeInvis .   a - +1 hand axe
rCold   . . .      Faith    .   (no shield)
rNeg    . . .      Spirit   .   b - +0 leather armour
rPois   .          Reflect  .   (no helmet)
rElec   .          Harm     .   (no cloak)
rCorr   .          Rampage  .   (no gloves)
Will    .....                   l - +0 pair of boots
Stlth   +.........              (no amulet)
HPRegen 0.13/turn               (no ring)
MPRegen 0.11/turn               (no ring)

@: lethally poisoned (-1 -> -11)
A: big brain 1
a: Renounce Religion, Depart the Abyss, Bend Space


You were on level 4 of the Dungeon.
You worshipped Lugonu.
Lugonu was pleased with you.
You visited 1 branch of the dungeon, and saw 4 of its levels.
You visited the Abyss 1 time.

You collected 126 gold pieces.
You spent 22 gold pieces at shops.

Inventory:

Hand Weapons
 a - a +1 hand axe (weapon)
Armour
 b - a +0 leather armour (worn)
 l - a +0 pair of boots (worn)
Jewellery
 q - a ring of protection from cold
 r - a ring of fire
Scrolls
 c - a scroll of fog
 e - 3 scrolls of amnesia
 g - 2 scrolls of immolation
 k - 2 scrolls of teleportation
 p - a scroll of noise
 t - 2 scrolls of identify
Potions
 f - a potion of curing
 h - 2 potions of brilliance
 j - 5 potions of heal wounds {unknown}
 m - a potion of attraction {unknown}
 n - a potion of ambrosia {unknown}
 o - a potion of magic {unknown}
 s - a potion of flight {unknown}
 u - a potion of resistance {unknown}
 v - a potion of cancellation {unknown}
 w - a potion of mutation {unknown}


   Skills:
 - Level 3.0 Fighting
 * Level 3.7 Axes
 - Level 2.9 Armour
 - Level 0.8 Dodging
 - Level 5.2 Invocations


You had 4 spell levels left.
You didn't know any spells.
Your spell library contained the following spells:

 Spells                   Type           Power      Damage    Failure   Level
 Slow                     Hex            0%         N/A       36%         1
 Confusing Touch          Hex            0%         N/A       75%         3
 Ozocubu's Armour         Ice            0%         N/A       75%         3
 Portal Projectile        Hex/Tloc       0%         N/A       75%         3
 Tukima's Dance           Hex            0%         N/A       75%         3
 Vampiric Draining        Necr           0%         2d6       75%         3
 Blade Hands              Tmut           0%         N/A       100%        5
 Ozocubu's Refrigeration  Ice            0%         4d7       100%        7


Dungeon Overview and Level Annotations

Branches:
Dungeon (4/15)
 Temple: D:4-7

Altars:
Ashenzari

Shops:
D:3 ?

Annotations:
Abyss:1 Jessica


Innate Abilities, Weirdness & Mutations

You have an unusually large brain. (Int +2)


Message History

You hit the scorpion but do no damage.
The scorpion is moderately wounded.
The scorpion closely misses you. x2
You hit the scorpion.
The scorpion is heavily wounded.
The scorpion stings you.
You hit the scorpion but do no damage.
The scorpion is heavily wounded.
The scorpion stings you. The scorpion barely misses you.
You hit the scorpion.
The scorpion is severely wounded.
The scorpion stings you.
You are poisoned.
The scorpion poisons you!
You closely miss the scorpion.
The scorpion is severely wounded.
You feel very sick. The scorpion closely misses you.
You hit the scorpion but do no damage.
The scorpion is severely wounded.
You feel very sick. The scorpion barely misses you. The scorpion stings you!
You are lethally poisoned!
The scorpion poisons you!
You hit the scorpion but do no damage.
The scorpion is severely wounded.
You feel very sick.
The scorpion stings you but does no damage.
You are too injured to fight recklessly!
You hit the scorpion but do no damage. Your punch misses the scorpion.
The scorpion is severely wounded.
You feel very sick. The scorpion stings you!
* * * LOW HITPOINT WARNING * * *
You hit the scorpion but do no damage.
The scorpion is severely wounded.
* * * LOW HITPOINT WARNING * * *
You feel very sick. The scorpion stings you.
You die...

#..........#
#...##...###
#...##...#
#...>....#.....+
#........#.....#
#...##...#.....#
#...##...##....####
#.........#....#.s#
#.........#....#@.#
#.........#....#..+
#†..#####'#....#'##
#...#.............#
#...#....<........#
#...'.............#
#...#.............#
#...#..........(..##+
#...#########..)......


You could see a scorpion.

Vanquished Creatures
  A scorpion (D:4)
  Robin (D:2)
  An adder (D:2)
  An ufetubus (D:4)
  A worm (D:2)
  A dart slug (D:1)
  2 orcs (D:3)
  6 endoplasms
  11 goblins
  12 hobgoblins
  8 jackals
  3 kobolds
  4 quokkas
  4 ball pythons
  9 bats
  3 frilled lizards
  5 rats
73 creatures vanquished.

Notes
Turn   | Place    | Note
-------+----------+-------------------------------------------
     0 | Abyss:1  | RogueRain17 the Demonspawn Abyssal Knight began the quest
                  | for the Orb.
     0 | Abyss:1  | Reached XP level 1. HP: 18/18 MP: 2/2
     1 | Abyss:1  | Found a corrupted altar of Lugonu.
    11 | Abyss:1  | Found a corrupted altar of Lugonu.
    86 | Abyss:1  | Noticed a large abomination
    96 | D:1      | Escaped the Abyss
   152 | D:1      | Reached ** piety under Lugonu
   251 | D:1      | Gained mutation: You have an unusually large brain. (Int
                  | +2) [demonic ancestry]
   251 | D:1      | Reached XP level 2. HP: 15/24 MP: 4/4
   563 | D:1      | Reached skill level 3 in Invocations
  1267 | D:1      | Reached XP level 3. HP: 17/29 MP: 5/5
  2134 | D:2      | Found a broken altar of Ashenzari.
  2297 | D:2      | Reached XP level 4. HP: 29/35 MP: 6/6
  2441 | D:2      | Noticed Robin
  2446 | D:2      | Reached skill level 4 in Invocations
  2448 | D:2      | Reached *** piety under Lugonu
  2453 | D:2      | Killed Robin
  2695 | D:2      | Noticed Jessica
  2709 | D:2      | Banished Jessica
  3244 | D:3      | Found Bicopine's Magic Scroll Boutique.
  3302 | D:3      | Bought a scroll of identify for 22 gold pieces
  3462 | D:3      | Reached XP level 5. HP: 19/41 MP: 3/8
  3928 | D:3      | Found a faded altar of an unknown god.
  4220 | D:4      | Reached skill level 5 in Invocations
  4795 | D:4      | Slain by a scorpion

Illustrated notes

Levels and vault maps discovered:
D:1:      dpeg_arrival_more_subterranean_lakeside_camping, layout_basic
D:2:      layout_basic, basic_altar, kennysheep_jessica_study, uniq_robin
D:3:      layout_loops_corners, serial_shops, nicolae_shop_hallway_plus,
          shapermc_ecumenical_altar_venn, kennysheep_generic_room_7
D:4:      layout_gridville

Skill      XL: |  1  2  3  4  5 |
---------------+----------------+-----
Axes           | 2 3 |  3.7
Armour         | 2 |  2.9
Invocations    | 3 4 5 |  5.2
Fighting       | |  3.0
Dodging        | |  0.8

Action                   |  1- 3 |  4- 6 || total
-------------------------+-------+-------++-------
Melee: Hand axe          |   128 |   133 ||   261
       Punch             |     1 |       ||     1
Invok: Depart the Abyss  |     1 |       ||     1
       Bend Space        |     1 |     2 ||     3
       Banish            |       |     2 ||     2
  Use: Scroll            |       |    10 ||    10
       Potion            |       |     1 ||     1
 Stab: Sleeping          |     1 |     1 ||     2
Armor: Leather armour    |    50 |    33 ||    83
       Skin              |       |    14 ||    14
Dodge: Dodged            |   101 |    73 ||   174
